 Dungeon Crawl Stone Soup version 0.17-a0-755-g4391640 (webtiles) character file.

1323 namelastname112 the Spear-Bearer (level 8, -4/70 HPs)
             Began as a White Draconian Chaos Knight on Apr 22, 2015.
             Slain by an orc warrior
             ... wielding a +0 hand axe
              (17 damage)
             ... on level 6 of the Dungeon.
             The game lasted 00:11:03 (4120 turns).

namelastname112 the Spear-Bearer (DrCK)             Turns: 4120, Time: 00:11:03

Health: -4/70      AC:  8    Str: 14    XL:     8   Next: 33%
Magic:  17/17      EV: 14    Int: 21    God:    Xom [..*...]
Gold:   243        SH:  0    Dex: 12    Spells: 0 memorised, 7 levels left

rFire  . . .     SeeInvis .     a - +0 spear (chaos)
rCold  + . .     Clarity  .     (armour unavailable)
rNeg   . . .     SustAb   .     (no shield)
rPois  .         Gourm    .     (helmet restricted)
rElec  .         Spirit   .     B - +0 cloak
rCorr  .         Warding  .     (no gloves)
rMut   .         Stasis   .     f - +0 pair of boots
MR     .....                    (no amulet)
Stlth  +.........               p - ring of magical power
                                m - ring of flight

@: brilliant, lethally poisoned (-4 -> -6), short of breath, flying (expiring),
not resistant to hostile enchantments, very unstealthy
A: breathe frost, unfitting armour, clever 1, cold resistance 1, mutation
resistance 1, screaming 1, cold-blooded, AC +6
a: Breathe Frost, Renounce Religion, Stop Flying


You were on level 6 of the Dungeon.
You worshipped Xom.
You were a toy of Xom.
You were hungry.

You visited 1 branch of the dungeon, and saw 6 of its levels.

You collected 243 gold pieces.

Inventory:

Hand weapons
 a - a +0 spear of chaos (weapon)
 C - a +2 quarterstaff of chaos
Armour
 f - a +0 pair of boots (worn)
 x - a +0 pair of gloves
 B - a +0 cloak (worn)
Jewellery
 m - a ring of flight (left hand)
 p - a ring of magical power (right hand)
 A - an uncursed ring of magical power
Scrolls
 c - 2 scrolls of remove curse {unknown}
 d - a scroll of amnesia {unknown}
 e - 2 scrolls of enchant armour {unknown}
 g - 4 scrolls of identify {unknown}
 q - a scroll of teleportation {unknown}
 r - 2 scrolls of enchant weapon {unknown}
 s - 2 scrolls of random uselessness {unknown}
 v - a scroll of blinking {unknown}
 y - a scroll of noise {unknown}
Potions
 i - a potion of heal wounds
 l - 2 potions of might {unknown}
 n - a potion of restore abilities {unknown}
 t - 2 potions of brilliance {unknown}
 w - a potion of flight {unknown}
Comestibles
 b - 4 bread rations
 h - a slice of pizza
 j - 3 beef jerkies
 k - 4 fruits
 z - a meat ration


   Skills:
 + Level 6.0 Fighting
 * Level 8.1 Polearms
 + Level 5.0 Dodging


You had 7 spell levels left.
You didn't know any spells.

Dungeon Overview and Level Annotations

Branches:
Dungeon (6/15)             Temple (0/1) D:4

Altars:
Elyvilon
Gozag
Trog

Shops:
D:3 *


Innate Abilities, Weirdness & Mutations

You can breathe waves of freezing cold.
You can buffet flying creatures when you breathe cold.
Your icy white scales are hard (AC +6).
Your body does not fit into most forms of armour.
Your flesh is cold resistant.
You are cold-blooded and may be slowed by cold attacks.
Your mind is acute. (Int +2)
You are somewhat resistant to further mutation.
You occasionally shout uncontrollably at your foes.


Message History

Edmund returns to his original shape as he dies.
Your Dodging skill increases to level 5!
You are near starving!
You feel sick.
Xom smirks.
You detect creatures!
Eat one of 2 chunks of flesh? (ye/n/q/i?) This raw flesh tastes terrible.
You are feeling hungry.
You feel sick. The orc warrior closely misses you.
All of the chunks of flesh in your inventory have rotted away.
You continue eating.
You are starting to lose your buoyancy.
The orc warrior hits you with a hand axe.
* * * LOW HITPOINT WARNING * * *
You continue eating.
You feel sick.
The orc warrior hits you with a hand axe!
You die...
Xom chuckles heartily!

#. #.# #.# #####.##. .#
#.# #.# #......#. .. #.#
#.# #........ #.## #)#
#......#) #..###.####.#
#......#. #..........#
#......#. #.###o######
#......#. #..##o#
#......## #..##@#
#......# #...#.#
#......## #######
#.#.#.# #......##
......# #.#...#
######### ......#
#)##..################
......#
###.##.>................
......#
#..........#####.#######
......#
#...................# #
.....)#
#..........#####.##.## #


You could see an orc warrior and an orc.

Vanquished Creatures
  2 sky beasts (D:5)
  2 phantoms (D:6)
  2 ogres
  A big kobold (D:6)
  A giant frog (D:5)
  A killer bee (D:6)
  A scorpion (D:5)
  A hound (D:5)
  A centaur zombie (D:5)
  A giant frog zombie (D:5)
  Crazy Yiuf (D:5)
  An iron imp (D:5)
  4 orc wizards
  2 worker ants
  6 gnolls (D:4)
  4 adders
  3 oozes
  5 worms
  16 orcs
  8 bats
  5 giant cockroaches
  4 goblins
  8 hobgoblins
  13 jackals
  8 kobolds
  3 quokkas
  2 ball pythons
  A giant gecko skeleton (D:5)
  3 giant newts
  8 rats
118 creatures vanquished.

Vanquished Creatures (collateral kills)
  An ogre (D:4)
  A gnoll (D:4)
  A giant gecko (D:4)
  An orc (D:4)
  A hobgoblin (D:1)
5 creatures vanquished.

Vanquished Creatures (others)
  2 orcs
  A quokka (D:5)
3 creatures vanquished.

Grand Total: 126 creatures vanquished

Notes
Turn   | Place    | Note
--------------------------------------------------------------
     0 | D:1      | namelastname112, the Draconian Chaos Knight, began the quest for the Orb.
     0 | D:1      | Reached XP level 1. HP: 19/19 MP: 1/1
    85 | D:1      | XOM: harmless Pois miscast
   127 | D:1      | XOM: harmless Air miscast
   258 | D:1      | XOM: summons 1 friendly demon
   266 | D:1      | Reached XP level 2. HP: 21/26 MP: 2/2
   390 | D:1      | You fall through a shaft!
   642 | D:2      | XOM: vitrification
   700 | D:1      | XOM: harmless Air miscast
   873 | D:1      | XOM: vitrification
  1016 | D:2      | Reached XP level 3. HP: 31/31 MP: 3/3
  1099 | D:2      | Reached skill level 4 in Polearms
  1151 | D:2      | XOM: 1-stop teleportation journey
  1566 | D:3      | Noticed an ogre
  1578 | D:3      | Reached XP level 4. HP: 26/39 MP: 4/4
  1833 | D:3      | Killed an ogre
  1833 | D:3      | Reached skill level 5 in Polearms
  1833 | D:3      | Reached XP level 5. HP: 46/46 MP: 5/5
  2004 | D:3      | Found Gozag's Platinum Reserve.
  2041 | D:3      | Found an opulent altar of Gozag.
  2193 | D:4      | Found a white marble altar of Elyvilon.
  2249 | D:4      | Found a staircase to the Ecumenical Temple.
  2258 | D:4      | Noticed an ogre
  2258 | D:4      | Reached XP level 6. HP: 49/52 MP: 6/6
  2278 | D:4      | Killed an ogre
  2348 | D:4      | XOM: silly message
  2479 | D:4      | XOM: fake destruction
  2798 | D:4      | Reached skill level 6 in Polearms
  2867 | D:5      | Entered Level 5 of the Dungeon
  2977 | D:5      | XOM: noise
  3057 | D:5      | Gained mutation: You occasionally shout uncontrollably at your foes. [mutagenic meat]
  3058 | D:5      | Gained mutation: You are somewhat resistant to further mutation. [mutagenic meat]
  3059 | D:5      | Gained mutation: Your mind is acute. (Int +2) [mutagenic meat]
  3086 | D:5      | Your scales start taking on a icy white colour.
  3086 | D:5      | Gained mutation: Your flesh is cold resistant. [White Draconian growth]
  3086 | D:5      | Reached XP level 7. HP: 53/60 MP: 7/7
  3226 | D:5      | XOM: divination: magic mapping
  3228 | D:5      | XOM: divination: detect creatures
  3231 | D:5      | XOM: enchant monster (good)
  3340 | D:5      | Reached skill level 5 in Fighting
  3341 | D:5      | Found a bloodstained altar of Trog.
  3349 | D:5      | Gained mutation: Your spells are a little harder to cast, but a little more powerful. [mutagenic meat]
  3351 | D:5      | Lost mutation: Your spells are a little harder to cast, but a little more powerful. [mutagenic meat]
  3394 | D:5      | XOM: enchant monster (good)
  3398 | D:5      | Reached skill level 7 in Polearms
  3435 | D:5      | XOM: noise
  3474 | D:5      | Noticed Crazy Yiuf
  3486 | D:5      | XOM: divination: detect creatures
  3487 | D:5      | Killed Crazy Yiuf
  3896 | D:6      | Reached XP level 8. HP: 65/69 MP: 8/8
  4050 | D:6      | XOM: potion effect (brilliance)
  4057 | D:6      | Reached skill level 8 in Polearms
  4062 | D:6      | Noticed Edmund
  4065 | D:6      | XOM: smoke on damage
  4071 | D:6      | XOM: cast spell 'Cause Fear'
  4098 | D:6      | XOM: cast spell 'Blink'
  4102 | D:6      | Noticed Edmund
  4102 | D:6      | Edmund changed into Edmund the killer bee
  4107 | D:6      | XOM: divination: detect items
  4117 | D:6      | Killed Edmund the killer bee
  4117 | D:6      | Reached skill level 5 in Dodging
  4117 | D:6      | XOM: divination: detect creatures
  4120 | D:6      | Slain by an orc warrior

Action                   |  1- 3 |  4- 6 |  7- 9 || total
-------------------------+-------+-------+-------++-------
Melee: Spear             |   133 |   227 |   221 ||   581
 Abil: Breathe Frost     |       |       |     2 ||     2
       Evoke Flight      |       |       |     1 ||     1
  Use: Potion            |       |     1 |     4 ||     5
 Stab: Sleeping          |     3 |       |       ||     3
       Paralysed         |     1 |       |     6 ||     7
       Confused          |       |     3 |     1 ||     4
       Petrifying        |       |       |     3 ||     3
  Eat: Chunk             |     1 |    11 |    10 ||    22
